 Dungeon Crawl Stone Soup version 0.29-a0-878-g7b45a56547 (webtiles) character file.

Game seed: 6042100399899909728

1634 Destapler the Chopper (level 8, -5/73 HPs)
             Began as a Hill Orc Fighter on July 20, 2022.
             Was a Believer of Zin.
             Succumbed to a gnoll sergeant's poison
             ... on level 6 of the Dungeon.
             The game lasted 00:13:37 (6268 turns).

Destapler the Chopper (Hill Orc Fighter)            Turns: 6268, Time: 00:13:37

Health: -5/73      AC: 15    Str: 21    XL:     8   Next: 98%
Magic:  8/8        EV: 11    Int:  8    God:    Zin [**....]
Gold:   161        SH:  5    Dex: 10    Spells: 7/7 levels left

rFire   . . .      SeeInvis .   w - +1 flail (vorpal)
rCold   . . .      Faith    .   c - +0 buckler
rNeg    . . .      Spirit   .   z - +0 chain mail
rPois   .          Reflect  .   (no helmet)
rElec   .          Harm     .   (no cloak)
rCorr   .          Rampage  .   y - +0 pair of gloves
Will    .....                   (no boots)
Stlth   ..........              (no amulet)
HPRegen 0.22/turn               s - +4 ring of protection
MPRegen 0.11/turn               u - +4 ring of evasion

@: lethally poisoned (-5 -> -32)
A: no striking features
a: Renounce Religion, Recite, Vitalisation, Donate Gold


You were on level 6 of the Dungeon.
You worshipped Zin.
Zin was pleased with you.
You visited 1 branch of the dungeon, and saw 6 of its levels.

You collected 178 gold pieces.
You donated 17 gold pieces to Zin.

Inventory:

Hand Weapons
 a - a +0 war axe
 w - a +1 vorpal flail (weapon)
Armour
 b - a +0 scale mail
 c - a +0 buckler (worn)
 y - a +0 pair of gloves (worn)
 z - a +0 chain mail (worn)
Jewellery
 s - a +4 ring of protection (left hand)
 u - a +4 ring of evasion (right hand)
Wands
 x - a wand of flame (13)
 A - a wand of iceblast (11)
Scrolls
 e - 2 scrolls of enchant weapon {unknown}
 g - 2 scrolls of teleportation
 i - 3 scrolls of identify
 l - a scroll of enchant armour {unknown}
 n - 2 scrolls of immolation {unknown}
 p - 2 scrolls of fear {unknown}
 r - a scroll of fog {unknown}
 v - a scroll of poison {unknown}
Potions
 d - a potion of magic
 f - a potion of haste
 h - a potion of degeneration
 j - a potion of flight {unknown}
 k - 3 potions of curing
 m - a potion of attraction {unknown}
 o - a potion of heal wounds {unknown}
 q - a potion of mutation {unknown}
 t - a potion of lignification {unknown}


   Skills:
 + Level 7.5 Fighting
 + Level 7.6 Axes
 + Level 6.9 Armour
 + Level 6.9 Shields


You had 7 spell levels left.
You didn't know any spells.
Your spell library contained the following spells:

 Spells                   Type           Power      Damage    Failure   Level
 Beastly Appendage        Tmut           0%         N/A       99%         1
 Wereblood                Tmut           0%         N/A       100%        2
 Spider Form              Tmut/Pois      0%         N/A       100%        3
 Petrify                  Tmut/Erth      0%         N/A       100%        4
 Metabolic Englaciation   Hex/Ice        0%         N/A       100%        5
 Statue Form              Tmut/Erth      0%         N/A       100%        6


Dungeon Overview and Level Annotations

Branches:
Dungeon (6/15)             Temple (0/1) D:5

Altars:
Kikubaaqudgha
Wu Jian
Xom
Yredelemnul
Zin

Shops:
D:4 (   D:6 (


Message History

You hit the gnoll sergeant but do no damage.
The gnoll sergeant is severely wounded.
You feel very sick.
The gnoll sergeant completely misses you.
The gnoll hits you from afar with a +0 spear.
You hit the gnoll sergeant.
The gnoll sergeant is almost dead.
You feel very sick.
The gnoll sergeant hits you but does no damage.
You are more poisoned.
You block the gnoll's attack.
The gnoll hits you from afar with a +0 spear.
* * * LOW HITPOINT WARNING * * *
The gnoll sergeant hits you with a +2 spear of venom.
* * * LOW HITPOINT WARNING * * *
You are lethally poisoned!
You hit the gnoll sergeant but do no damage.
The gnoll sergeant is almost dead.
* * * LOW HITPOINT WARNING * * *
You feel extremely sick.
The gnoll sergeant hits you with a +2 spear of venom.
* * * LOW HITPOINT WARNING * * *
You are more poisoned.
The gnoll barely misses you.
You barely miss the gnoll sergeant.
The gnoll sergeant is almost dead.
* * * LOW HITPOINT WARNING * * *
You feel extremely sick.
The gnoll sergeant hits you with a +2 spear of venom!
* * * LOW HITPOINT WARNING * * *
You block the gnoll's attack.
You barely miss the gnoll sergeant.
The gnoll sergeant is severely wounded.
Zin protects you from harm!
The gnoll sergeant hits you but does no damage.
You are more poisoned.
You block the gnoll's attack.
You barely miss the gnoll sergeant.
The gnoll sergeant is severely wounded.
You die...

#.[....#.'...+.#.....
####.#'#.#####.#+#...
#..#.....#.....#...
#####.....+.....##+#
#...#.....#..gg.#
#+#...#'#.#####g#
#.......#.'...'g#
###...#####...#####
#.'..@g.#.......#.+
......#####g#'#...#'#.###
##.## #.#.)...#...#g....#
#<'gg...##+##.....+
#.#.....#...#.....#
#.###.#'#...#'#.### #..
+.#..g....#.+ #.#
#####...##### #.# +...+


You could see a gnoll sergeant and a gnoll.

Vanquished Creatures
  Sigmund (D:3)
  A water moccasin (D:6)
  2 ice beasts
  An ogre (D:4)
  A centaur (D:5)
  2 phantoms
  A bullfrog (D:5)
  4 scorpions
  4 bullfrog zombies (D:6)
  A jelly (D:6)
  2 hounds
  A gnoll bouda (D:6)
  A bullfrog skeleton (D:6)
  3 orc wizards
  6 gnolls (D:6)
  11 adders
  An ufetubus (D:4)
  3 worms
  2 dart slugs
  14 orcs
  8 endoplasms
  4 giant cockroaches
  3 goblins
  3 hobgoblins
  3 jackals (D:4)
  3 quokkas
  7 ball pythons
  8 bats
  4 frilled lizards
  5 kobolds
  5 rats
115 creatures vanquished.

Vanquished Creatures (others)
  A withered plant (D:6)
1 creature vanquished.

Grand Total: 116 creatures vanquished

Notes
Turn   | Place    | Note
-------+----------+-------------------------------------------
     0 | D:1      | Destapler the Hill Orc Fighter began the quest for the Orb.
     0 | D:1      | Reached XP level 1. HP: 19/19 MP: 1/1
    18 | D:1      | Found a faded altar of an unknown god.
    76 | D:1      | Prayed at the altar of an unknown god.
    76 | D:1      | Became a worshipper of Zin the Law-Giver
    76 | D:1      | Reached * piety under Zin
   328 | D:1      | Reached XP level 2. HP: 27/27 MP: 2/2
   907 | D:2      | Reached XP level 3. HP: 27/33 MP: 3/3
  1528 | D:2      | Reached XP level 4. HP: 40/40 MP: 4/4
  2363 | D:3      | Reached XP level 5. HP: 37/47 MP: 5/5
  2470 | D:3      | Reached ** piety under Zin
  2609 | D:3      | Noticed Sigmund
  2619 | D:3      | Killed Sigmund
  2620 | D:3      | Reached skill level 5 in Fighting
  2620 | D:3      | Reached XP level 6. HP: 39/56 MP: 6/6
  3086 | D:4      | Found an ancient bone altar of Kikubaaqudgha.
  3150 | D:4      | Reached skill level 5 in Axes
  3150 | D:4      | Reached skill level 5 in Armour
  3150 | D:4      | Reached skill level 5 in Shields
  3411 | D:4      | Found an ornate altar of the Wu Jian Council.
  3456 | D:4      | Found Ritizug's Weapon Emporium.
  3573 | D:4      | Reached XP level 7. HP: 61/61 MP: 7/7
  3714 | D:5      | Entered Level 5 of the Dungeon
  4044 | D:5      | Found a shimmering altar of Xom.
  4603 | D:5      | Found a basalt altar of Yredelemnul.
  4797 | D:5      | Reached XP level 8. HP: 71/71 MP: 8/8
  5024 | D:5      | Found a staircase to the Ecumenical Temple.
  5840 | D:6      | Found Ralorgh's Antique Weapon Emporium.
  6266 | D:6      | HP: 1/73 [gnoll sergeant/+2 spear of venom (10)]
  6267 | D:6      | Zin protects you from harm!
  6268 | D:6      | Succumbed to a gnoll sergeant's poison

Illustrated notes

Levels and vault maps discovered:
D:1:      tarquinn_simple_flora_water_e, layout_basic,
          ebering_ecumenical_altar_box, chequers_avenue, minmay_pentomino_o2
D:2:      layout_basic
D:3:      layout_rooms, grunt_ministairs_6, kennysheep_nub, uniq_sigmund
D:4:      layout_basic, mainiacjoe_overflow_catwalk_spiral, serial_shops,
          nicolae_shop_bloodbath_and_beyond, small_statue_alley_b,
          hangedman_decor_opposing
D:5:      layout_loops_corners, kennysheep_mini_moat, old_standard_altar,
          minmay_temple_entry_antechambers
D:6:      nicolae_cairo_tiling_large, layout_loops_cross, serial_shops, shop,
          serial_undead, serial_undead_c, serial_undead_b, serial_undead_c,
          serial_undead_f, serial_undead_e, serial_undead_f, uniq_edmund

Skill      XL: |  1  2  3  4  5  6  7  8 |
---------------+-------------------------+-----
Axes           | 3 4 5 6 7 |  7.6
Fighting       | 4 5 6 7 |  7.5
Armour         | 4 5 6 |  6.9
Shields        | 4 5 6 |  6.9

Action                   |  1- 3 |  4- 6 |  7- 9 || total
-------------------------+-------+-------+-------++-------
Melee: War axe           |    94 |   116 |    39 ||   249
       Flail             |       |       |   143 ||   143
Invok: Recite            |       |       |     4 ||     4
  Use: Potion            |       |     1 |     2 ||     3
       Scroll            |       |       |     4 ||     4
Armor: Scale mail        |    51 |    71 |    15 ||   137
       Chain mail        |       |       |   116 ||   116
Dodge: Dodged            |    45 |    66 |   116 ||   227
Block: Buckler           |    26 |    33 |    62 ||   121

Table legend: (Time is in decaauts)
 A = Elapsed time spent in this place.
 B = Non-inter-level travel time spent in this place.
 C = Inter-level travel time spent in this place.
 D = Time resting spent in this place.
 E = Time spent auto-exploring this place.
 F = Levels seen in this place.
 G = Mean time per level.
                   A        B        C        D        E       F      G
               +--------+--------+--------+--------+--------+-----+--------+
         Total |   6392 |   6035 |    357 |    647 |   4332 |   6 | 1065.3 |
       Dungeon |   6392 |   6035 |    357 |    647 |   4332 |   6 | 1065.3 |
               +--------+--------+--------+--------+--------+-----+--------+

Top non-repeatable levels by time:
     D:5: 1828 daAuts
     D:2: 1091 daAuts
     D:3: 1008 daAuts
     D:4: 882 daAuts
     D:1: 870 daAuts
     D:6: 711 daAuts
